 Dungeon Crawl Stone Soup version 0.30.0-5-g1a98f26d00 (webtiles) character file.

Game seed: 7200412138303553313

146 dialectric the Trooper (level 5, -6/50 HPs)
             Began as a Naga Chaos Knight on May 10, 2023.
             Was a Plaything of Xom.
             Mangled by a kobold brigand
             ... wielding a +0 dagger
              (8 damage)
             ... in a sewer.
             The game lasted 00:02:57 (2358 turns).

dialectric the Trooper (Naga Chaos Knight)          Turns: 2358, Time: 00:02:58

Health: -6/50      AC:  6    Str: 16    XL:     5   Next: 28%
Magic:  5/5        EV:  9    Int: 13    God:    Xom [....*.]
Gold:   72         SH:  0    Dex: 10    Spells: 4/4 levels left

rFire   . . .        a - +0 falchion (chaos)
rCold   . . .        (no shield)
rNeg    . . .        b - +2 leather armour
rPois   +            (no helmet)
rElec   .            o - +0 cloak
rCorr   .            (no gloves)
SInv    +            (no barding)
Will    .....        (no amulet)
Stlth   +            (no ring)
HPRegen 0.28/turn    (no ring)
MPRegen 0.09/turn

%: no passive effects
@: brilliant, hasted, unable to read, quick
A: AC +1, large, see invisible, deformed body, poison resistance, slowness 2,
spit poison 1, naga tail 1, inability to read after injury 1
a: Spit Poison, Renounce Religion


You were in a sewer.
You worshipped Xom.
You were a beloved toy of Xom.
You visited 1 branch of the dungeon, and saw 3 of its levels.
You also visited: Sewer.

You collected 72 gold pieces.

Inventory:

Hand Weapons
 a - a +0 falchion of chaos (weapon)
 q - a +3 quarterstaff of chaos
Missiles
 r - a poisoned dart (quivered)
Armour
 b - a +2 leather armour (worn)
 o - a +0 cloak (worn)
Jewellery
 s - a +6 ring of dexterity
Scrolls
 d - a scroll of silence {unknown}
 e - a scroll of enchant armour {unknown}
 f - a scroll of immolation {unknown}
 i - 2 scrolls of blinking {unknown}
 k - 3 scrolls of identify {unknown}
 n - a scroll of noise {unknown}
Potions
 m - a potion of lignification {unknown}
 p - a potion of brilliance
Miscellaneous
 c - a piece from Xom's chessboard (15/15)


   Skills:
 + Level 4.2 Fighting
 + Level 3.8 Long Blades
 + Level 2.2 Armour
 + Level 1.3 Dodging
 + Level 0.1 Stealth
 + Level 1.4 Evocations


You had 4 spell levels left.
You didn't know any spells.
Your spell library contained the following spells:

 Spells                   Type           Power      Damage    Failure   Level
 Sting                    Tmut/Pois      0%         1d3       36%         1
 Poisonous Vapours        Pois/Air       0%         N/A       50%         2
 Olgreb's Toxic Radiance  Pois           0%         N/A       98%         4


Dungeon Overview and Level Annotations

Branches:
Dungeon (3/15)              Sewer (1/1)

Altars:
Ashenzari
Hepliaklqana


Innate Abilities, Weirdness & Mutations

Your serpentine skin is tough. (AC +1)
You have supernaturally acute eyesight. (SInv)
Armour fits poorly on your strangely shaped body.
Your system is resistant to poisons. (rPois)
You cover ground very slowly.
You can spit poison.
You have a snake-like lower body.
You occasionally lose the ability to read scrolls when taking damage.


Message History

The kobold brigand hits you with a +0 dagger.
* * * LOW HITPOINT WARNING * * *
Unknown command.
Unknown command.
Unknown command.
The kobold brigand attacks as you move away!
The kobold brigand hits you with a +0 dagger!
* * * LOW HITPOINT WARNING * * *
The kobold barely misses you. The kobold brigand barely misses you.
Unknown command.
It was a potion of mutation.
You feel extremely strange.
You occasionally lose the ability to read scrolls when taking damage.
Xom roars with laughter!
The kobold brigand looks more healthy.
The kobold brigand hits you with a +0 dagger.
You die... "NOOOOOOO, not my teddy bear!"
Xom revives you! The kobold hits you but does no damage.
Unknown command.
It was a potion of haste.
You feel yourself speed up.
The kobold brigand hits you but does no damage.
The kobold brigand closely misses you.
Unknown command.
Okay, then.
You hit the kobold. You freeze the kobold.
You kill the kobold!
The kobold barely misses you.
The kobold brigand hits you but does no damage.
The kobold brigand hits you with a +0 dagger!
You feel threatened and lose the ability to read scrolls!
* * * LOW HITPOINT WARNING * * *
The kobold barely misses you.
Things that are here:
a +0 dagger; a stone; a kobold corpse The kobold brigand rages.
It was a potion of brilliance.
You feel clever all of a sudden.
The kobold brigand hits you with a +0 dagger!
You die...

##### #≈ #### ##...##
#≈≈#########..###.....†
#≈≈#!.#).#.............
#≈≈#..@KK#............†
#≈≈##(...'.............
≈≈#.....#.~.~~~~~.....
≈≈#!.#..#≈≈≈≈~~≈≈.~.~.
#≈≈#######≈≈≈≈≈≈≈~≈≈≈~.
#≈≈ #≈≈≈≈≈≈≈≈≈≈≈≈~ #≈
≈≈≈≈≈≈≈≈≈≈≈≈≈≈ #
≈#≈≈≈≈≈≈≈≈≈≈≈≈≈
≈≈≈≈≈≈≈~≈≈


You could see a kobold brigand (berserk, agile) and a kobold.

Vanquished Creatures
  Crazy Yiuf (D:2)
  Jessica (D:2)
  4 adders
  A worm (D:2)
  An orc (D:3)
  6 giant cockroaches
  2 hobgoblins (D:1)
  7 kobolds
  3 quokkas
  7 ball pythons
  2 bats (D:1)
  2 frilled lizards
  5 goblins
  16 rats
58 creatures vanquished.

Vanquished Creatures (others)
  A rat zombie (Sewer)
1 creature vanquished.

Grand Total: 59 creatures vanquished

Notes
Turn   | Place    | Note
-------+----------+-------------------------------------------
     0 | D:1      | dialectric the Naga Chaos Knight began the quest for the
                  | Orb.
     0 | D:1      | Reached XP level 1. HP: 21/21 MP: 1/1
    73 | D:1      | XOM: divination: magic mapping
   115 | D:1      | Reached XP level 2. HP: 28/28 MP: 2/2
   366 | D:1      | XOM: silly message
   504 | D:1      | Reached XP level 3. HP: 34/34 MP: 3/3
   673 | D:2      | XOM: noise
   694 | D:2      | Found a runed translucent door.
   695 | D:2      | Noticed Crazy Yiuf
   947 | D:2      | XOM: silly message
  1007 | D:2      | XOM: noise
  1056 | D:2      | Noticed Jessica
  1064 | D:2      | Killed Jessica
  1065 | D:2      | Reached skill level 4 in Fighting
  1065 | D:2      | Reached skill level 1 in Dodging
  1065 | D:2      | Reached XP level 4. HP: 4/44 MP: 4/4
  1115 | D:2      | XOM: 1-stop teleportation journey
  1214 | D:2      | XOM: silly message
  1299 | D:2      | Found a hazy altar of Hepliaklqana.
  1325 | D:2      | XOM: enchant monster (bad)
  1816 | D:2      | XOM: divination: detect creatures
  1821 | D:2      | Killed Crazy Yiuf
  1822 | D:2      | Reached skill level 1 in Evocations
  1822 | D:2      | Reached XP level 5. HP: 50/50 MP: 5/5
  2140 | D:3      | Found a broken altar of Ashenzari.
  2140 | D:3      | XOM: 1-stop teleportation journey
  2207 | D:3      | Found a glowing drain.
  2215 | D:3      | XOM: god gift: staff of poison
  2218 | Sewer    | Entered a sewer
  2332 | Sewer    | Noticed a kobold brigand
  2352 | Sewer    | HP: 2/50 [kobold brigand/+0 dagger (7)]
  2353 | Sewer    | Gained mutation: You occasionally lose the ability to read
                  | scrolls when taking damage. [potion of mutation]
  2353 | Sewer    | Xom revived you
  2358 | Sewer    | Mangled by a kobold brigand

Illustrated notes

Levels and vault maps discovered:
D:1:      dpeg_arrival_three_same_balls, layout_basic, minmay_worlds_worst_comb
D:2:      layout_basic, basic_altar, uniq_jessica, uniq_crazy_yiuf_cottage
D:3:      layout_basic, lemuel_tele_altar, portal_sewer_entry_d,
          minmay_snake_closets
Sewer:    sewer_minmay_treatment

Skill      XL: |  1  2  3  4 |
---------------+-------------+-----
Fighting       | 4 |  4.2
Armour         | 2 |  2.2
Dodging        | 1 |  1.3
Evocations     | 1 |  1.4
Long Blades    | |  3.8
Stealth        | |  0.1

Action                     |  1- 3 |  4- 6 || total
---------------------------+-------+-------++-------
  Melee: Falchion          |    71 |    89 ||   160
         Punch             |     1 |       ||     1
  Throw: Dart              |       |     3 ||     3
Ability: Spit Poison       |     3 |       ||     3
  Evoke: Piece from Xom's  |       |     1 ||     1
    Use: Potion            |       |     5 ||     5
   Stab: Paralysed         |       |     4 ||     4
 Armour: Leather armour    |    22 |    50 ||    72
  Dodge: Dodged            |    34 |    57 ||    91
